 Dungeon Crawl Stone Soup version 0.25.0-9-g26727b657a (webtiles) character file.

Game seed: 14969448708744453102

38 Esekla the Grasshopper (level 3, -1/20 HPs)
             Began as a Deep Elf Warper on June 20, 2020.
             Slain by a gnoll
             ... wielding a +0 club
              (5 damage)
             ... on level 1 of the Dungeon.
             The game lasted 00:08:18 (1135 turns).

Esekla the Grasshopper (Deep Elf Warper)            Turns: 1135, Time: 00:08:19

Health: -1/20      AC:  4    Str:  8    XL:     3   Next: 25%
Magic:  5/9        EV: 13    Int: 17    God:
Gold:   29         SH:  0    Dex: 15    Spells: 4/8 levels left

rFire    . . .     SeeInvis .   a - +0 falchion
rCold    . . .     Gourm    .   (no shield)
rNeg     . . .     Faith    .   i - +0 robe
rPois    .         Spirit   .   h - +1 helmet
rElec    .         Reflect  .   (no cloak)
rCorr    .         Harm     .   (no gloves)
MR       .....                  (no boots)
Stlth    +.........             (no amulet)
HPRegen  0.06/turn              (no ring)
MPRegen  0.11/turn              (no ring)

@: no status effects
A: no striking features
a: no special abilities


You were on level 1 of the Dungeon.
You were not hungry.

You visited 1 branch of the dungeon, and saw 2 of its levels.

You collected 29 gold pieces.

Inventory:

Hand Weapons
 a - a +0 falchion (weapon)
 o - a +0 short sword
Missiles
 e - 5 boomerangs of dispersal (quivered)
Armour
 h - a +1 helmet (worn)
 i - a +0 robe (worn)
Scrolls
 b - a scroll of immolation {unknown}
 c - 2 scrolls of identify {unknown}
 d - a scroll of blinking
 g - a scroll of magic mapping {unknown}
 m - a scroll of fog {unknown}
Potions
 j - 3 potions of curing {unknown}
 l - a potion of lignification {unknown}
 n - a potion of ambrosia {unknown}
Comestibles
 f - 3 rations
 k - 3 chunks of flesh


   Skills:
 - Level 1.5 Fighting
 * Level 2.8 Long Blades
 + Level 1.0 Throwing
 - Level 0.7 Armour
 * Level 3.0 Dodging
 - Level 3.0 Spellcasting
 + Level 0.1 Charms
 + Level 3.5 Translocations


You had 4 spell levels left.
You knew the following spells:

 Your Spells              Type           Power        Failure   Level  Hunger
a - Shroud of Golubria    Chrm/Tloc      #.....       12%         2    ##.....
b - Blink                 Tloc           N/A          6%          2    ##.....

Your spell library contained the following spells:

 Spells                   Type           Power        Failure   Level  Hunger
 Gell's Gravitas          Tloc           ##........   12%         3    ###....
 Lesser Beckoning         Tloc           ##........   12%         3    ###....
 Teleport Other           Tloc           ##......     12%         3    ###....
 Passage of Golubria      Tloc           N/A          38%         4    ####...


Dungeon Overview and Level Annotations

Branches:
Dungeon (2/15)

Altars:


Message History

The gnoll is moderately wounded.
The gnoll misses you.
You riposte.
You hit the gnoll.
The gnoll is severely wounded.
The gnoll hits you but does no damage.
You hit the gnoll.
The gnoll is severely wounded.
Your shroud bends the gnoll's attack away.
The gnoll hits you with a +0 club.
Your shroud falls apart!
You closely miss the gnoll.
The gnoll is severely wounded.
The gnoll hits you with a +0 club.
Casting: Shroud of Golubria (safe; 12% risk of failure)
Confirm with . or Enter, or press ? or * to list all spells.
Space distorts slightly along a thin shroud covering your body.
The gnoll hits you with a +0 club!
* * * LOW HITPOINT WARNING * * *
Your shroud falls apart!
The gnoll hits you with a +0 club.
You die...

#.#.#........
#.#.#........ #.#
....#.....#.# ....#
#.........# # #.#.#
.........## #. #.#.# #
.........#..#.##.#.#.#
......#..#.......#.#.###
#####.#........g........
# #.#..#..#...@#.######.
# #.####........).......
#####.####.##.##.#.######
†.).......... #.#.#
.####.####.# #.#.#
...........# #.#.#
.##.......#
#.#.###########
.##.......#
#.#...........#
.##.......#
#.#.###########


You could see a gnoll (fast).

Vanquished Creatures
  A gnoll (D:1)
  4 bats (D:1)
  2 giant cockroaches (D:1)
  6 goblins (D:1)
  5 hobgoblins
  2 ball pythons (D:1)
  3 kobolds (D:1)
  4 rats
27 creatures vanquished.

Notes
Turn   | Place    | Note
-------+----------+-------------------------------------------
     0 | D:1      | Esekla the Deep Elf Warper began the quest for the Orb.
     0 | D:1      | Reached XP level 1. HP: 12/12 MP: 6/6
   245 | D:2      | Reached XP level 2. HP: 6/16 MP: 8/8
   460 | D:2      | Learned a level 2 spell: Shroud of Golubria
   463 | D:2      | Learned a level 2 spell: Blink
  1090 | D:1      | Reached XP level 3. HP: 20/20 MP: 7/9
  1135 | D:1      | Slain by a gnoll

Illustrated notes

Levels and vault maps discovered:
D:1:      minmay_arrival_diagonal_passages, layout_basic
D:2:      layout_basic

Skill      XL: |  1  2 |
---------------+-------+-----
Long Blades    | 2 |  2.8
Dodging        | 3 |  3.0
Fighting       | |  1.5
Throwing       | |  1.0
Armour         | |  0.7
Spellcasting   | |  3.0
Charms         | |  0.1
Translocations | |  3.5

Action                   || total
-------------------------++-------
Melee: Falchion          ||    78
 Cast: Shroud of Golubri ||    16
  Eat: Chunk             ||     2
Armor: Robe              ||    20
       Leather armour    ||     1
Dodge: Dodged            ||    67
       Rpst.: Falchion   ||    22
